 Dungeon Crawl Stone Soup version 0.26-a0-738-g91b530ce93 (webtiles) character file.

Game seed: 13736226034811759807

418806 KristoblXynda the Brawler (level 22, -7/318 HPs)
             Began as a Troll Monk on Oct 31, 2020.
             Was the Champion of Ashenzari.
             Killed from afar by a balrug (32 damage)
             ... with a bolt of fire
             ... summoned by a lich
             ... on level 3 of the Depths on Nov 5, 2020.
             The game lasted 02:38:35 (48917 turns).

KristoblXynda the Brawler (Troll Monk)             Turns: 48917, Time: 02:38:36

Health: -7/318     AC: 18    Str: 29    XL:     22   Next: 61%
Magic:  35/35      EV: 19    Int: 21    God:    Ashenzari [******]
Gold:   938        SH: 14    Dex: 14    Spells: 20/41 levels left

rFire    . . .     SeeInvis +     - Unarmed
rCold    . . .     Faith    .   g - +2 kite shield (curse)
rNeg     + + .     Spirit   .   (armour currently unavailable)
rPois    ∞         Reflect  .   (helmet restricted)
rElec    +         Harm     .   A - +1 cloak {MR+} (curse)
rCorr    .         Rampage  .   (gloves unavailable)
MR       ++...     Clarity  +   (boots unavailable)
Stlth    ++........             C - amulet of regeneration (curse)
HPRegen  1.43/turn              D - +6 ring of intelligence (curse)
MPRegen  0.24/turn              v - ring "Intaliw" {rN+ Str+4} (curse)

@: statue-form, corroded, very slow
A: large, unfitting armour, antennae 1, claws 3, hooves 1, agile 1, clarity,
clever 1, regeneration 1, robust 1, evolution 1, MP-powered wands
}: 2/15 runes: serpentine, barnacled
a: End Transformation, Curse Item, Scrying, Transfer Knowledge, Renounce
Religion


You were on level 3 of the Depths.
You worshipped Ashenzari.
Ashenzari was exalted by your worship.
You were a stone statue.
You visited 7 branches of the dungeon, and saw 37 of its levels.
You visited the Abyss 1 time.
You also visited: Ice Cave and Volcano.

You collected 4885 gold pieces.
You spent 3947 gold pieces at shops.

Inventory:

Missiles
 S - 8 throwing nets (quivered)
 T - 56 large rocks
Armour
 g - a cursed +2 kite shield (worn)
 A - a cursed +1 cloak of magic resistance (worn)
 K - a cursed +2 troll leather armour (melded)
Magical Staves
 Q - an uncursed staff of conjuration
Jewellery
 v - the cursed ring "Intaliw" (right claw) {rN+ Str+4}
   (You bought it in a shop on level 4 of the Snake Pit)

   [ring of positive energy]

   It affects your strength (+4).
   It protects you from negative energy.
   It has a curse placed upon it.
 C - a cursed amulet of regeneration (around neck)
 D - a cursed +6 ring of intelligence (left claw)
 V - the cursed ring "Duwuefu" {*Drain Str-2 Int+5 Dex-4 Slay+4}
   (You found it on level 4 of the Depths)

   [ring of dexterity]

   It affects your strength (-2).
   It affects your intelligence (+5).
   It affects your dexterity (-4).
   It affects your accuracy and damage with ranged weapons and melee attacks
   (+4).
   It causes draining when unequipped.
   It has a curse placed upon it.
Wands
 c - a wand of acid (30)
 w - a wand of iceblast (2)
 x - a wand of paralysis (12)
 H - a wand of digging (9)
 J - a wand of disintegration (20)
Scrolls
 b - 8 scrolls of teleportation
 f - 9 scrolls of remove curse
 k - a scroll of silence
 o - 3 scrolls of magic mapping
 t - 18 scrolls of identify
 u - 8 scrolls of fear
 E - 3 scrolls of enchant weapon
 G - 4 scrolls of fog
 I - 2 scrolls of brand weapon
 M - 5 scrolls of amnesia
 O - a scroll of enchant armour
 R - 2 scrolls of holy word
Potions
 d - 2 potions of cancellation
 h - 13 potions of stabbing
 i - 7 potions of invisibility
 l - 10 potions of flight
 m - 7 potions of brilliance
 n - 9 potions of curing
 p - 4 potions of lignification
 q - 2 potions of haste
 r - 6 potions of might
 s - 4 potions of resistance
 z - 2 potions of ambrosia
 B - 8 potions of mutation
 L - 4 potions of heal wounds
 N - 3 potions of magic
Miscellaneous
 a - a lightning rod (4/4)
 j - a phantom mirror
 y - a phantom mirror
 F - a box of beasts (1/3)
 P - a phial of floods
 U - a condenser vane (2/2)


   Skills:
 - Level 14.0 Fighting
 - Level 8.0 Armour
 + Level 12.8(15.5) Dodging
 - Level 1.0(2.7) Stealth
 - Level 7.0(10.1) Shields
 + Level 19.8 Unarmed Combat
 - Level 10.0 Spellcasting
 + Level 4.0(8.2) Conjurations
   Level 6.0(10.5) Hexes
 + Level 12.1(16.2) Transmutations
 - Level 10.7(14.9) Earth Magic
 - Level 5.6(10.1) Evocations


You had 20 spell levels left.
You knew the following spells:

 Your Spells              Type           Power        Failure   Level
a - Petrify               Tmut/Erth      ######..     1%          4
b - Lee's Rapid Deconstr  Erth           ######....   1%          5
c - Statue Form           Tmut/Erth      ######...    1%          6
d - Freezing Cloud        Conj/Ice/Air   ###.......   95%         6

Your spell library contained the following spells:

 Spells                   Type           Power        Failure   Level
 Sandblast                Erth           ######       0%          1
 Passwall                 Tmut/Erth      ######..     0%          2
 Wereblood                Tmut           ######..     0%          2
 Corona                   Hex            ######.      1%          1
 Foxfire                  Conj/Fire      ####         1%          1
 Magic Dart               Conj           ####         1%          1
 Sting                    Tmut/Pois      ####         1%          1
 Searing Ray              Conj           #####.       1%          2
 Slow                     Hex            ######..     1%          2
 Dazzling Flash           Conj/Hex       #####.       1%          3
 Inner Flame              Hex/Fire       ####....     1%          3
 Portal Projectile        Hex/Tloc       ####..       1%          3
 Spider Form              Tmut/Pois      #####.....   1%          3
 Stone Arrow              Conj/Erth      ######       1%          3
 Summon Guardian Golem    Hex/Summ       ####....     1%          3
 Tukima's Dance           Hex            ######..     1%          3
 Cause Fear               Hex            ######....   1%          4
 Fulminant Prism          Conj/Hex       #####.....   1%          4
 Ice Form                 Ice/Tmut       #####...     1%          4
 Leda's Liquefaction      Hex/Erth       ######....   1%          4
 Hydra Form               Tmut           ######....   1%          6
 Conjure Flame            Conj/Fire      ####....     3%          3
 Animate Skeleton         Necr           ##....       4%          1
 Apportation              Tloc           ##....       4%          1
 Freeze                   Ice            ##..         4%          1
 Pain                     Necr           ##..         4%          1
 Summon Small Mammal      Summ           ##..         4%          1
 Mephitic Cloud           Conj/Pois/Air  ###.....     5%          3
 Alistair's Intoxication  Tmut/Pois      #####....    5%          5
 Blink                    Tloc           N/A          8%          2
 Call Imp                 Summ           ##......     8%          2
 Corpse Rot               Necr/Air       N/A          8%          2
 Poisonous Vapours        Pois/Air       ##....       8%          2
 Sublimation of Blood     Necr           ##........   8%          2
 Hailstorm                Conj/Ice       ####....     11%         4
 Iskenderun's Mystic Bla  Conj/Tloc      ####....     11%         4
 Invisibility             Hex            ######..     13%         6
 Call Canine Familiar     Summ           ##......     14%         3
 Frozen Ramparts          Ice            ##....       14%         3
 Gell's Gravitas          Tloc           ##........   14%         3
 Lesser Beckoning         Tloc           ##........   14%         3
 Ozocubu's Armour         Ice            ##......     14%         3
 Vampiric Draining        Necr           ##........   14%         3
 Silence                  Hex/Air        ####......   19%         5
 Fireball                 Conj/Fire      ####......   28%         5
 Animate Dead             Necr           ##........   43%         4
 Summon Ice Beast         Ice/Summ       ##......     43%         4
 Summon Lightning Spire   Summ/Air       ##......     43%         4
 Agony                    Necr           ##......     80%         5
 Summon Forest            Summ/Tloc      ##........   80%         5
 Conjure Ball Lightning   Conj/Air       ####......   85%         6
 Death Channel            Necr           ##........   100%        6
 Dispersal                Tloc           ##........   100%        6
 Tornado                  Air            ##........   100%        9


Dungeon Overview and Level Annotations

Branches:
Dungeon (15/15)            Temple (1/1) D:7            Lair (6/6) D:11
 Shoals (4/4) Lair:4        Snake (4/4) Lair:3        Slime (0/5) Lair:6
    Orc (2/2) D:12            Elf (0/3) Orc:2        Vaults (0/5) D:14
 Depths (5/5) D:15          IceCv (visited)         Volcano (visited)
    Zot: Depths:5

Altars:
Ashenzari
Cheibriados
Dithmenos
Elyvilon
Fedhas
Gozag
Hepliaklqana
Kikubaaqudgha
Makhleb
Nemelex Xobeh
Okawaru
Qazlal
Ru
Sif Muna
Trog
Uskayaw
Vehumet
Wu Jian
Xom
Yredelemnul
Zin
The Shining One
Lugonu

Shops:
D:5 *   D:7 [   D:11 !   Orc:2 !**?   Shoals:3 ?   Shoals:4 :   Snake:1 (
Snake:4 }=}

Portals:
Hell: Depths:1 Depths:2 Depths:3 Depths:4 Depths:5
Abyss: Depths:4
Pandemonium: Depths:2 Depths:3
Ziggurat: Depths:4


Innate Abilities, Weirdness & Mutations

You are too large for most types of armour.
You have claws for hands.
Your natural rate of healing is unusually fast.
((You are covered in fur. (AC +1)))
((You have extremely tough skin. (AC +3)))
You have a pair of small antennae on your head.
You have large cloven feet.
You are agile. (Dex +2)
You possess an exceptional clarity of mind.
Your mind is acute. (Int +2)
You are robust. (+10% HP)
You evolve.
You expend magic power (3 MP) to strengthen your wands.


Message History

Unknown command.
Unknown command.
The balrug gestures at you.
The sticky flame hits your mature stingshock beast.
Your mature stingshock beast is covered in liquid flames!
Your mature shockweird beast bursts into living lightning!
The living lightning hits the lich!!
Your mature shockweird beast blinks!
Your mature stingshock beast bursts into living lightning!
The living lightning hits the balrug!
Your mature stingshock beast blinks!
Okay, then.
Okay, then.
As you read the scroll of holy word, it crumbles to dust.
You speak a Word of immense power!
The lich convulses!
The balrug convulses!
The green death convulses!
Your mature stingshock beast burns!
The balrug gestures at you. The bolt of fire hits you!!
You die...

####### ######.....#
############..........###########
.............8.....8.............
############....8.....H..........
# #......#.....L...#.......<... #
#...........2....#...........
#####..........>§..2.#...{......#
....#......#.........####.#####.#
....#......#.8.....8.#....(..##..
#####......#......H..#.......####
...................(......(....).
.##############################†#


You could see a lich (invisible, dazed), a balrug (summoned, dazed), a green
death (summoned, dazed) and 2 friendly mutant beasts.

Vanquished Creatures
  A juggernaut (Depths:3)
  A golden dragon (Depths:3)
  A hellephant (Depths:2)
  5 liches
  A titan (Depths:5)
  Polyphemus (Shoals:4)
  3 acid blobs (Depths:4)
  A quicksilver dragon (Depths:5)
  A kraken (Shoals:4)
  Kirke (D:13)
  2 sphinxes
  Frances (Shoals:1)
  2 storm dragons
  2 shadow dragons (Depths:1)
  Roxanne (Snake:4)
  2 tengu reavers
  2 azure jellies (Depths:4)
  9 frost giants
  8 fire giants
  7 nagarajas (Snake:4)
  An angel (Depths:4)
  A draconian stormcaller (Depths:5)
  A spriggan defender (Depths:2)
  A juggernaut zombie (Depths:1)
  A green draconian (Depths:5)
  10 stone giants
  19 very ugly things
  7 vampire knights
  4 spark wasps
  20 dire elephants (Depths:2)
  A yellow draconian (Depths:5)
  3 deep elf death magi (Depths:1)
  5 merfolk javelineers
  6 ettins
  Josephine (D:11)
  9 merfolk impalers
  10 fire dragons
  8 yaktaur captains
  14 great orbs of eyes
  2 death oozes (Depths:4)
  15 naga warriors
  5 ice dragons
  4 rakshasas
  3 boulder beetles
  3 merfolk avatars
  4 ogre magi
  17 anacondas
  7 spriggan air magi
  A catoblepas (Shoals:4)
  7 hydras
  Erica (D:10)
  3 alligator snapping turtles
  11 two-headed ogres
  3 dancing weapons
  10 deep troll shamans
  5 centaur warriors
  8 death yaks
  5 satyrs
  11 deep troll earth magi
  14 tengu warriors
  3 orc high priests (Orc:2)
  5 spriggan berserkers
  3 deep elf knights (D:13)
  A vampire mage (Depths:1)
  20 naga sharpshooters
  A titan zombie (Depths:1)
  3 spriggans (Depths:5)
  12 hell knights
  10 shock serpents
  A shadow wraith (Depths:1)
  2 iron trolls
  5 skeletal warriors (Depths:1)
  7 salamander mystics
  3 unseen horrors
  7 wizards
  10 sea snakes
  27 deep trolls
  6 flayed ghosts
  2 glowing orange brains
  9 naga ritualists
  2 phantasmal warriors (Depths:4)
  28 harpies
  A harpy (shapeshifter) (Depths:3)
  4 orc knights (Orc:2)
  5 orc sorcerers
  6 necromancers
  23 ugly things
  7 oklob plants
  A stone giant zombie (Depths:1)
  2 wolf spiders (Lair:6)
  18 deep elf magi (D:13)
  A faun (shapeshifter) (Depths:4)
  16 fauns
  20 mana vipers
  A fire giant zombie (Depths:1)
  13 manticores
  5 toenail golems (Volcano)
  A salamander (shapeshifter) (Depths:4)
  A rust devil (Depths:2)
  12 salamanders
  3 elephants (Lair:6)
  5 cyclopes
  7 guardian serpents
  8 apocalypse crabs (Depths:4)
  6 merfolk sirens
  45 black mambas
  A centaur zombie (D:14)
  An orange demon (D:11)
  3 gargoyles
  18 naga magi
  3 water nymphs
  An ice statue (IceCv)
  A kobold demonologist (D:15)
  16 cane toads
  23 yaktaurs
  10 komodo dragons
  An efreet (Depths:4)
  9 rime drakes
  7 tengu conjurers
  A red devil (D:11)
  24 polar bears
  9 trolls
  3 wind drakes
  8 hornets
  27 merfolk
  5 raiju (Lair:6)
  14 snapping turtles
  10 dream sheep
  A fire dragon zombie (Depths:1)
  A raiju (shapeshifter) (D:15)
  21 blink frogs
  A snapping turtle (shapeshifter) (Depths:5)
  27 slime creatures
  A deep troll zombie (Depths:1)
  An ettin zombie (Depths:1)
  A meliai zombie (D:15)
  2 redbacks (Lair:6)
  2 shadows
  A hog (shapeshifter) (Depths:3)
  80 yaks
  15 wyverns
  18 water elementals
  6 hogs (D:13)
  8 wraiths
  11 basilisks
  17 vampire mosquitoes
  8 wargs
  69 nagas
  An acid dragon (D:6)
  23 water moccasins
  10 hell hounds (Lair:6)
  4 sky beasts
  21 black bears
  An eye of draining (D:14)
  21 orc warriors
  2 boggarts (Depths:3)
  32 wolves
  11 ogres
  2 ice beasts
  23 centaurs
  4 big kobolds
  18 bullfrogs
  2 yaktaur zombies (Depths:1)
  2 wyvern zombies (D:13)
  4 scorpions
  5 killer bees (D:7)
  4 electric eels
  10 wights
  4 howler monkeys
  9 hounds
  3 bullfrog zombies
  A bullfrog skeleton (D:7)
  A gnoll shaman (D:9)
  21 orc priests
  10 jellies
  18 orc wizards
  4 iron imps (D:11)
  5 centaur skeletons
  2 iguanas
  9 hell rats (Lair:5)
  6 worker ants
  A hound zombie (D:9)
  4 hound skeletons
  A howler monkey zombie (D:8)
  13 gnolls
  9 adders
  A shadow imp (D:8)
  15 white imps
  2 ufetubi
  4 oozes (Depths:4)
  2 adder skeletons
  7 worms
  6 dart slugs
  11 leopard geckos
  74 orcs
  2 ball pythons
  11 bats
  4 giant cockroaches
  10 hobgoblins
  12 jackals
  8 quokkas
  10 frilled lizards
  4 goblins
  22 kobolds
  2 leopard gecko skeletons (D:4)
  A quokka skeleton (D:4)
  2 quokka zombies
  8 rats
  3 crawling corpses (Depths:1)
  2 plants
1721 creatures vanquished.

Vanquished Creatures (collateral kills)
  2 caustic shrikes (Depths:3)
  Rupert (Lair:4)
  Jorgrun (D:13)
4 creatures vanquished.

Vanquished Creatures (others)
  A deep troll (Depths:1)
  A hell hound (Lair:6)
  2 orc wizards
  2 orcs (D:15)
  A kobold (D:13)
  149 fungi
  202 plants
  6 tentacles (Shoals:4)
364 creatures vanquished.

Grand Total: 2089 creatures vanquished

Notes
Turn   | Place    | Note
-------+----------+-------------------------------------------
     0 | D:1      | KristoblXynda the Troll Monk began the quest for the Orb.
     0 | D:1      | Reached XP level 1. HP: 22/22 MP: 0/0
   152 | D:1      | Reached XP level 2. HP: 29/29 MP: 1/1
   283 | D:1      | Reached XP level 3. HP: 36/36 MP: 2/2
   917 | D:2      | Reached XP level 4. HP: 45/45 MP: 3/3
  1039 | D:2      | Found a faded altar of an unknown god.
  1083 | D:2      | Found a shadowy altar of Dithmenos.
  1276 | D:2      | Found a shimmering altar of Xom.
  1559 | D:3      | Reached skill level 4 in Unarmed Combat
  1607 | D:3      | Reached XP level 5. HP: 39/53 MP: 4/4
  1944 | D:3      | Noticed a centaur
  2091 | D:3      | Killed a centaur
  2091 | D:3      | Reached XP level 6. HP: 31/62 MP: 5/5
  2421 | D:4      | Reached skill level 5 in Unarmed Combat
  2569 | D:4      | Reached XP level 7. HP: 70/70 MP: 6/6
  3255 | D:5      | Entered Level 5 of the Dungeon
  3467 | D:5      | Found Getudioz's Elemental Accessories.
  4108 | D:6      | Reached skill level 5 in Dodging
  4178 | D:6      | Reached skill level 5 in Fighting
  4178 | D:6      | Reached skill level 6 in Unarmed Combat
  4202 | D:6      | Found a burning altar of Makhleb.
  4238 | D:6      | Reached XP level 8. HP: 53/80 MP: 7/7
  4963 | D:6      | Found a radiant altar of Vehumet.
  5192 | D:6      | Noticed a gargoyle
  5220 | D:6      | Killed a gargoyle
  5418 | D:6      | Learned a level 4 spell: Petrify
  5757 | D:7      | Reached skill level 7 in Unarmed Combat
  5921 | D:7      | Reached XP level 9. HP: 70/89 MP: 8/8
  6228 | D:7      | Found a staircase to the Ecumenical Temple.
  6291 | Temple   | Entered the Ecumenical Temple
  6304 | Temple   | Became a worshipper of Ashenzari the Shackled
  6304 | Temple   | Reached * piety under Ashenzari
  6304 | Temple   | Reached ** piety under Ashenzari
  6576 | D:7      | Reached skill level 1 in Transmutations
  6736 | D:7      | Found Ethroi's Antique Armour Emporium.
  6760 | D:7      | Bought an embroidered cloak for 217 gold pieces
  7307 | D:8      | Noticed a two-headed ogre
  7336 | D:8      | Killed a two-headed ogre
  7336 | D:8      | Reached skill level 8 in Unarmed Combat
  7598 | D:8      | Found a sacrificial altar of Ru.
  7815 | D:9      | Reached skill level 1 in Earth Magic
  7815 | D:9      | Reached XP level 10. HP: 52/102 MP: 9/9
  8082 | D:9      | Reached skill level 9 in Unarmed Combat
  8573 | D:9      | Found an opulent altar of Gozag.
  8575 | D:9      | Found a snail-covered altar of Cheibriados.
  8575 | D:9      | Found an iron altar of Okawaru.
  8708 | D:9      | Found a white marble altar of Elyvilon.
  8806 | D:10     | Entered Level 10 of the Dungeon
  8828 | D:10     | Learned a level 5 spell: Lee's Rapid Deconstruction
  9041 | D:10     | Reached XP level 11. HP: 109/109 MP: 10/10
  9304 | D:10     | Noticed Erica
  9315 | D:10     | Killed Erica
  9630 | D:11     | Reached skill level 10 in Unarmed Combat
  9632 | D:11     | Killed an unseen horror
  9632 | D:11     | Reached skill level 5 in Transmutations
  9714 | D:11     | Found a corrupted altar of Lugonu.
  9725 | D:11     | Reached skill level 5 in Earth Magic
  9728 | D:11     | Reached *** piety under Ashenzari
  9728 | D:11     | Noticed a boulder beetle
  9805 | D:11     | HP: 3/109 [boulder beetle (52)]
  9810 | D:11     | Killed a boulder beetle
 10174 | D:11     | Found a staircase to the Lair.
 10361 | D:11     | Noticed an unseen horror
 10376 | D:11     | Killed an unseen horror
 10476 | D:11     | Noticed Josephine
 10541 | D:11     | Killed Josephine
 10884 | D:11     | Reached XP level 12. HP: 118/118 MP: 11/11
 10982 | D:11     | Found Beumm's Distillery.
 10990 | D:11     | Bought a potion of heal wounds for 80 gold pieces
 11195 | D:7      | Bought a runed cloak for 217 gold pieces
 11305 | Lair:1   | Entered Level 1 of the Lair of Beasts
 11391 | D:12     | Found a frozen archway.
 11441 | IceCv    | Entered an ice cave
 11505 | IceCv    | Reached skill level 11 in Unarmed Combat
 11542 | IceCv    | Reached skill level 1 in Evocations
 11973 | IceCv    | Reached skill level 1 in Armour
 12219 | IceCv    | Noticed a frost giant
 12263 | IceCv    | Killed a frost giant
 12394 | IceCv    | Got the halberd "Tosay" {vorpal, +Rage rC+ Int-2 Dex+4}
 12785 | D:12     | Reached skill level 10 in Dodging
 12886 | D:12     | Found a staircase to the Orcish Mines.
 13064 | D:12     | Identified a scroll of acquirement
 13064 | D:12     | Acquired the cursed amulet of Liberty {rC- Regen+ Int+4}
 13185 | D:12     | Noticed a death yak
 13198 | D:12     | Killed a death yak
 13198 | D:12     | Reached XP level 13. HP: 103/124 MP: 12/12
 13239 | D:12     | Found a shimmering altar of Xom.
 13710 | D:13     | Reached skill level 1 in Shields
 13710 | D:13     | Reached skill level 12 in Unarmed Combat
 14023 | D:13     | Noticed Kirke
 14326 | Lair:1   | Reached **** piety under Ashenzari
 16119 | Lair:3   | Found a dark tunnel.
 16129 | Volcano  | Entered a volcano
 16146 | Volcano  | Reached skill level 5 in Armour
 16354 | Volcano  | Reached skill level 5 in Evocations
 16457 | Volcano  | Cast into level 2 of the Abyss (a wizard)
 16484 | Volcano  | Escaped the Abyss
 16547 | Lair:3   | Found a staircase to the Snake Pit.
 16784 | Lair:3   | Reached XP level 14. HP: 47/133 MP: 13/13
 16881 | Lair:3   | Reached skill level 13 in Unarmed Combat
 17813 | Lair:4   | Reached skill level 5 in Shields
 18400 | Lair:4   | Noticed Rupert
 18410 | Lair:4   | Killed Rupert
 18412 | Lair:4   | Reached ***** piety under Ashenzari
 18806 | Lair:4   | Found a staircase to the Shoals.
 19252 | Lair:5   | Learned a level 3 spell: Tukima's Dance
 19881 | Lair:5   | Reached skill level 1 in Hexes
 20185 | Lair:6   | Entered Level 6 of the Lair of Beasts
 20829 | Lair:6   | Found a staircase to the Slime Pits.
 21283 | Lair:6   | Reached XP level 15. HP: 135/140 MP: 13/15
 21391 | Lair:6   | Reached skill level 1 in Spellcasting
 21438 | Lair:6   | Reached skill level 14 in Unarmed Combat
 22118 | Lair:6   | Identified the +1 robe of the Stone Wall {rC+}
 22213 | Lair:6   | Got the eveningstar of Kuvey {freeze, rN+}
 22219 | Lair:6   | Identified the +9 eveningstar of Kuvey {freeze, rN+} (You
                  | found it on level 6 of the Lair of Beasts)
 23669 | D:13     | Noticed Jorgrun
 23697 | D:13     | Killed Jorgrun
 23980 | D:13     | Killed Kirke
 23988 | D:13     | Identified the cursed ring "Jaipsem" {rPois MR++ Int-4}
 24529 | D:14     | Reached skill level 10 in Earth Magic
 24676 | D:14     | Found a gate to the Vaults.
 25228 | D:15     | Entered Level 15 of the Dungeon
 25228 | D:15     | Reached ****** piety under Ashenzari
 25285 | D:15     | Found a blossoming altar of Fedhas.
 25349 | D:15     | Reached XP level 16. HP: 79/153 MP: 18/20
 25489 | D:15     | Found a snail-covered altar of Cheibriados.
 25766 | D:15     | Found a staircase to the Depths.
 26489 | D:7      | Bought spiked swamp dragon scales for 1595 gold pieces
 26489 | D:7      | Identified the +1 swamp dragon scales of the Present {-Tele
                  | Rampage rPois Int+8 Dex+4} (You bought it in a shop on
                  | level 7 of the Dungeon)
 26648 | Orc:1    | Entered Level 1 of the Orcish Mines
 27317 | Orc:2    | Entered Level 2 of the Orcish Mines
 27317 | Orc:2    | Found a staircase to the Elven Halls.
 27326 | Orc:2    | Gained mutation: Armour fits poorly on your strangely
                  | shaped body. [a neqoxec]
 27350 | Orc:2    | Lost mutation: Armour fits poorly on your strangely shaped
                  | body. [potion of mutation]
 27350 | Orc:2    | Gained mutation: Your spells are a little easier to cast,
                  | but a little less powerful. [potion of mutation]
 27350 | Orc:2    | Gained mutation: Your magical capacity is low. (-10% MP)
                  | [potion of mutation]
 27350 | Orc:2    | Gained mutation: Armour fits poorly on your strangely
                  | shaped body. [potion of mutation]
 27350 | Orc:2    | Gained mutation: Your mind is acute. (Int +2) [potion of
                  | mutation]
 27351 | Orc:2    | Lost mutation: Armour fits poorly on your strangely shaped
                  | body. [potion of mutation]
 27351 | Orc:2    | Lost mutation: Your mind is acute. (Int +2) [potion of
                  | mutation]
 27351 | Orc:2    | Lost mutation: Your magical capacity is low. (-10% MP)
                  | [potion of mutation]
 27351 | Orc:2    | Lost mutation: Your spells are a little easier to cast, but
                  | a little less powerful. [potion of mutation]
 27351 | Orc:2    | Gained mutation: You evolve. [potion of mutation]
 27351 | Orc:2    | Gained mutation: You have a pair of small antennae on your
                  | head. [potion of mutation]
 27351 | Orc:2    | Gained mutation: You possess an exceptional clarity of
                  | mind. [potion of mutation]
 27351 | Orc:2    | Gained mutation: You have large cloven feet. [potion of
                  | mutation]
 28025 | Orc:2    | Reached skill level 5 in Hexes
 28123 | Orc:2    | Found Wimasm's Magic Scroll Shoppe.
 28123 | Orc:2    | Found Licy's Distillery.
 28133 | Orc:2    | Found Vazucki's General Store.
 28133 | Orc:2    | Found Icsosch's Assorted Antiques.
 28141 | Orc:2    | Bought a condenser vane (2/2) for 320 gold pieces
 28142 | Orc:2    | Bought a potion of heal wounds for 165 gold pieces
 28144 | Orc:2    | Bought a potion of mutation for 104 gold pieces
 28144 | Orc:2    | Bought 2 potions of heal wounds for 130 gold pieces
 28144 | Orc:2    | Bought a potion of heal wounds for 65 gold pieces
 28415 | Lair:1   | Upgraded the game from 0.26-a0-712-ga5a9c9c9d0 to
                  | 0.26-a0-738-g91b530ce93
 28456 | Snake:1  | Entered Level 1 of the Snake Pit
 28713 | Snake:1  | Gained mutation: You are robust. (+10% HP) [evolution]
 28762 | Snake:1  | Reached skill level 15 in Unarmed Combat
 29448 | Snake:1  | Found Mexkyile's Weapon Shop.
 31294 | Snake:3  | Learned a level 6 spell: Freezing Cloud
 31863 | Snake:3  | Reached XP level 17. HP: 144/181 MP: 23/23
 31872 | Snake:3  | Reached skill level 5 in Spellcasting
 32128 | Snake:3  | Reached skill level 10 in Fighting
 32999 | Snake:4  | Entered Level 4 of the Snake Pit
 33082 | Snake:3  | Gained mutation: Your mind is acute. (Int +2) [evolution]
 33451 | Snake:4  | Found Pioxu's Gadget Emporium.
 33452 | Snake:4  | Found Renot's Jewellery Shop.
 33453 | Snake:4  | Found Fugeovae's Gadget Emporium.
 34232 | Snake:4  | Identified Roxanne's Papyrus of Moulding
 34232 | Snake:4  | Noticed Roxanne
 35212 | Snake:4  | Gained mutation: You expend magic power (3 MP) to
                  | strengthen your wands. [evolution]
 35535 | Snake:4  | Reached skill level 16 in Unarmed Combat
 35656 | Snake:4  | Reached XP level 18. HP: 176/196 MP: 5/26
 35895 | Snake:4  | Killed Roxanne
 36275 | Snake:4  | Got a serpentine rune of Zot
 36813 | Orc:2    | Bought a scroll labeled IGENUIJ ETYTTI for 33 gold pieces
 36814 | Orc:2    | Bought a scroll of teleportation for 48 gold pieces
 36814 | Orc:2    | Bought a scroll of remove curse for 48 gold pieces
 37009 | Depths:1 | Entered Level 1 of the Depths
 37118 | Depths:1 | Learned a level 6 spell: Statue Form
 37127 | Depths:1 | Paralysed by a vampire knight for 7 turns
 37140 | Depths:1 | Paralysed by a vampire knight for 4 turns
 37584 | Depths:1 | Noticed a lich
 37608 | Depths:1 | Killed a lich
 37773 | Depths:1 | Paralysed by a vampire knight for 2 turns
 37835 | Depths:1 | Gained mutation: You are very robust. (+20% HP) [evolution]
 37844 | Depths:1 | Identified the Collected Works on Evil
 37926 | Depths:1 | Identified the Tome of Spatial Poison
 38152 | Depths:1 | Found a gateway to Hell.
 38574 | Depths:2 | Found a one-way gate leading to the halls of Pandemonium.
 38637 | Depths:2 | Reached XP level 19. HP: 222/222 MP: 22/29
 38679 | Depths:2 | Reached skill level 17 in Unarmed Combat
 39318 | Depths:2 | Paralysed by a sphinx for 7 turns
 39444 | Depths:2 | Noticed a hellephant
 39497 | Depths:2 | Killed a hellephant
 40595 | Snake:4  | Bought the ring "Intaliw" {rN+ Str+4} for 637 gold pieces
 40814 | Shoals:1 | Entered Level 1 of the Shoals
 40949 | Shoals:1 | Lost mutation: You are very robust. (+20% HP) [evolution]
 41023 | Shoals:1 | Noticed Frances
 41034 | Shoals:1 | Killed Frances
 41391 | Shoals:1 | Reached XP level 20. HP: 163/217 MP: 31/31
 42520 | Shoals:3 | Reached skill level 18 in Unarmed Combat
 42806 | Shoals:3 | Found Ekhlimex's Magic Scroll Shoppe.
 42814 | Shoals:3 | Bought a scroll of teleportation for 48 gold pieces
 42814 | Shoals:3 | Bought a scroll of holy word for 120 gold pieces
 42814 | Shoals:3 | Bought a scroll of holy word for 120 gold pieces
 43106 | Shoals:4 | Entered Level 4 of the Shoals
 43110 | Shoals:4 | Noticed Polyphemus
 43124 | Shoals:4 | Killed Polyphemus
 43211 | Shoals:4 | Found Dampelio's Book Shop.
 43699 | Shoals:4 | Reached skill level 10 in Transmutations
 43798 | Shoals:4 | Got a barnacled rune of Zot
 43849 | Shoals:4 | Identified the +3 short sword "Backscratcher" {freeze,
                  | *Contam rC+ SInv}
 45392 | Depths:3 | Reached XP level 21. HP: 231/231 MP: 28/33
 45533 | Depths:3 | Noticed a juggernaut
 45540 | Depths:3 | Killed a juggernaut
 45624 | Depths:3 | Noticed a golden dragon
 45626 | Depths:3 | Killed a golden dragon
 45788 | Depths:3 | Reached skill level 10 in Spellcasting
 46301 | Depths:3 | Reached skill level 19 in Unarmed Combat
 47010 | Depths:4 | Gained mutation: You are agile. (Dex +2) [evolution]
 47194 | Depths:4 | Found a sparkling altar of Nemelex Xobeh.
 47214 | Depths:4 | Found a gateway to a ziggurat.
 47499 | Depths:4 | Identified the cursed ring "Duwuefu" {*Drain Str-2 Int+5
                  | Dex-4 Slay+4}
 47512 | Depths:4 | Identified the Compendium of the Blaze
 47633 | Depths:4 | Found a corrupted altar of Lugonu.
 47633 | Depths:4 | Found a one-way gate to the infinite horrors of the Abyss.
 47641 | Depths:4 | Reached XP level 22. HP: 245/245 MP: 35/35
 47661 | Depths:4 | Paralysed by a lich for 3 turns
 47666 | Depths:4 | Reached skill level 1 in Conjurations
 48163 | Depths:5 | Entered Level 5 of the Depths
 48891 | Depths:5 | Noticed a caustic shrike
 48891 | Depths:5 | Noticed a caustic shrike
 48891 | Depths:5 | Noticed a caustic shrike
 48891 | Depths:5 | Noticed a caustic shrike
 48891 | Depths:5 | Noticed a caustic shrike
 48912 | Depths:3 | Killed a caustic shrike
 48915 | Depths:3 | Killed a caustic shrike
 48917 | Depths:3 | Killed from afar by a balrug

Illustrated notes

Levels and vault maps discovered:
D:1:      dpeg_arrival_rooms_with_view, layout_basic, hangedman_feature_mirror,
          minmay_3d_cube
D:2:      layout_loops_ring, xom_teletrap_fun,
          chequers_ecumenical_altar_simple_redux,
          grunt_dithmenos_smoke_and_mirrors
D:3:      layout_basic
D:4:      layout_loops_corners
D:5:      layout_basic, nicolae_elemental_shop, grunt_ministairs_15,
          hangedman_decor_clover_reticule
D:6:      minmay_chambers_of_sixes, layout_layer_cave, lemuel_crystal_altar,
          lemuel_crystal_altar
D:7:      layout_basic, lemuel_temple_firewalk_a, serial_shops, shop
D:8:      layout_basic, nicolae_ru_the_path_less_chosen, chequers_garden,
          st_stairs_12
D:9:      layout_long_grid, elyvilon_altar_3, grunt_temple_overflow_open
D:10:     layout_layer_cave, minmay_crystal_room, uniq_erica
D:11:     layout_grid_maze, grunt_lair_entry_orc_guard_hut, serial_shops, shop,
          lemuel_hellish_altar, uniq_josephine
D:12:     layout_loops_ring, erik_orc_3, serial_ice, serial_ice_n, serial_ice_h,
          serial_ice_e, serial_ice_d, portal_ice_cave_entry_imps,
          lemuel_tele_altar
D:13:     minmay_elf_outpost, layout_rooms, uniq_jorgrun, uniq_kirke
D:14:     layout_long_grid, erik_vaults_1, serial_bayou_pond_e,
          minmay_misc_feat_square
D:15:     grunt_enter_depths_hoard, layout_basic, basic_altar,
          grunt_ministairs_12, fedhas_altar_1
Temple:   nicolae_temple_god_jail
Lair:1:   layout_hall_layers
Lair:2:   layout_loops_ring
Lair:3:   layout_hall_layers, guppyfry_snake_entry_garden, enter_volcano_4,
          serial_bayou_pond_e, minmay_lair_oklob_items
Lair:4:   layout_hall_layers, elwin_shoals_entry_rooms, grunt_megastairs_1,
          uniq_rupert
Lair:5:   layout_loops_ring, special_room [special_room_mythical_zoo],
          serial_bayou_pond_a, beast_lair_carwin_2, lemuel_fruit_tree,
          grunt_megastairs_2
Lair:6:   hangedman_lair_caniforms_friends, layout_long_grid,
          hangedman_lair_tendril_chambers, minmay_slime_entry_pillars,
          minmay_lair_oklob_chamber
Shoals:1: layout_shoals, overgrown_hall, uniq_frances
Shoals:2: cheibrodos_shoals_epimethial_gifts, layout_shoals
Shoals:3: layout_shoals, serial_shops, nicolae_shop_waterfront
Shoals:4: shoals_end_hangedman, layout_shoals, serial_shops, shop,
          nicolae_shoals_this_corrosion, uniq_polyphemus
Snake:1:  layout_cave_pods, serial_shops, shop, serial_bayou_lagoon_a
Snake:2:  layout_grid_shapes
Snake:3:  nicolae_snake_nest, layout_basic, grunt_ministairs_5, st_stairs_5,
          drop_trap
Snake:4:  johnstein_snake_rune_scales, layout_onion, minmay_shop_grove,
          uniq_roxanne
Orc:1:    layout_diamond_mine
Orc:2:    grunt_orc_tribal_feast, layout_diamond_mine
Depths:1: layout_cave_pools, special_room [special_room_morgue],
          minmay_misc_feat_enclosed, pf_coc_iceberg, grunt_ministairs_5,
          kennysheep_generic_room_5
Depths:2: mu_elephants_graveyard, layout_gridlike, pan_entry,
          infiniplex_staircase_hallway_doors, grunt_hell_entry_dis_grunt,
          serial_rivers, chequers_serial_rivers_small_b,
          chequers_serial_rivers_micro_e, chequers_serial_rivers_micro_b,
          chequers_serial_rivers_micro_c, chequers_serial_rivers_micro_d,
          grunt_decor_resistance
Depths:3: minmay_spiral_squares, layout_basic, serial_sigils_hangedman_leer,
          pan_entry, hell_entry, st_stairs_1, infiniplex_staircase_pool_2,
          serial_bayou_shore_b
Depths:4: gammafunk_mikee_crab_dinner, layout_cave_pools, enter_ziggurat_f,
          hell_entry, hangedman_decor_growths, special_room
          [special_room_jelly], abyss_entry_flame_altar,
          nemelex_xobeh_ov_fountains_minmay
Depths:5: grunt_zot_entry_pinwheel, layout_cave_pools, kennysheep_pointless_box,
          hell_entry, serial_sigils_hangedman_scar

Skill      XL: |  1  2  3  4  5  6  7  8  9 10 11 12 13 14 15 16 17 18 19 20 21 22 |
---------------+-------------------------------------------------------------------+-----
Fighting       | 3 4 5 6 7 8 9 11 12 13 14 | 14.0
Dodging        | 3 4 5 6 7 8 9 10 11 12 | 12.8
Unarmed Combat | 4 5 6 7 8 9 10 11 12 13 14 15 16 17 18 19 | 19.8
Transmutations | 2 4 6 7 9 10 11 12 | 12.1
Earth Magic    | 1 4 6 7 8 10 | 10.7
Evocations     | 3 5 |  5.6
Armour         | 3 5 6 7 8 |  8.0
Shields        | 4 6 7 |  7.0
Hexes          | 2 4 6 |  6.0
Spellcasting   | 3 4 6 7 8 9 10 | 10.0
Conjurations   | 4 |  4.0
Stealth        | |  1.0

Action                   |  1- 3 |  4- 6 |  7- 9 | 10-12 | 13-15 | 16-18 | 19-21 | 22-24 || total
-------------------------+-------+-------+-------+-------+-------+-------+-------+-------++-------
Melee: Unarmed           |   104 |   156 |   323 |   767 |  1817 |  1978 |  1240 |   208 ||  6593
       Punch             |     2 |     5 |    12 |    49 |    32 |       |       |       ||   100
       Morningstar       |       |       |       |       |    27 |       |       |       ||    27
       Eveningstar       |       |       |       |       |     7 |       |       |       ||     7
       Kick              |       |       |       |       |       |   547 |   427 |    74 ||  1048
 Cast: Petrify           |       |       |       |     2 |     8 |    26 |     4 |       ||    40
       Lee's Rapid Decon |       |       |       |       |       |    27 |       |       ||    27
       Tukima's Dance    |       |       |       |       |       |    18 |       |       ||    18
       Statue Form       |       |       |       |       |       |    18 |    54 |     9 ||    81
Invok: Curse Item        |       |       |     2 |     1 |     2 |       |     3 |       ||     8
Evoke: Wand              |       |       |     5 |    23 |    15 |     8 |     2 |       ||    53
       Box of beasts     |       |       |       |       |     5 |       |     2 |     2 ||     9
       Condenser vane    |       |       |       |       |       |     1 |       |       ||     1
  Use: Scroll            |       |     2 |    11 |    13 |    16 |    12 |     5 |     4 ||    63
       Potion            |       |       |     3 |     5 |     2 |     9 |     1 |     2 ||    22
 Stab: Sleeping          |     1 |    14 |    22 |     4 |    15 |     4 |     4 |       ||    64
       Paralysed         |       |       |     6 |     4 |     2 |       |       |       ||    12
       Petrified         |       |       |       |       |    17 |    23 |    11 |       ||    51
       Petrifying        |       |       |       |       |       |     3 |       |       ||     3
       Invisible         |       |       |       |       |       |       |     1 |       ||     1
Armor: Robe              |    41 |    57 |    80 |   120 |       |       |       |       ||   298
       Skin              |       |       |    22 |    35 |    10 |   141 |   638 |   134 ||   980
       Troll leather arm |       |       |       |   152 |   564 |   358 |    54 |    10 ||  1138
Dodge: Dodged            |    62 |   106 |   171 |   613 |  1061 |   900 |   931 |   201 ||  4045
Block: Kite shield       |       |       |       |       |   839 |  1192 |  1020 |   228 ||  3279

Table legend: (Time is in decaauts)
 A = Elapsed time spent in this place.
 B = Non-inter-level travel time spent in this place.
 C = Inter-level travel time spent in this place.
 D = Time resting spent in this place.
 E = Time spent auto-exploring this place.
 F = Levels seen in this place.
 G = Mean time per level.
                   A        B        C        D        E       F      G
               +--------+--------+--------+--------+--------+-----+--------+
         Total |  49631 |  45878 |   3753 |  10760 |  18530 |  40 | 1240.8 |
       Dungeon |  17475 |  15383 |   2092 |   2952 |   8238 |  15 | 1165.0 |
        Temple |     65 |     52 |     13 |      0 |     36 |   1 |   65.0 |
          Lair |   8942 |   8145 |    797 |   1922 |   3462 |   6 | 1490.3 |
        Shoals |   4349 |   4239 |    110 |    467 |   1869 |   4 | 1087.2 |
     Snake Pit |   7646 |   7333 |    313 |   2640 |   1946 |   4 | 1911.5 |
  Orcish Mines |   1784 |   1600 |    184 |    271 |    841 |   2 |  892.0 |
        Depths |   7978 |   7735 |    243 |   2000 |   2135 |   5 | 1595.6 |
         Abyss |     26 |     26 |      0 |      0 |      0 |   1 |   26.0 |
      Ice Cave |   1011 |   1011 |      0 |    440 |      0 |   1 | 1011.0 |
       Volcano |    351 |    351 |      0 |     66 |      0 |   1 |  351.0 |
               +--------+--------+--------+--------+--------+-----+--------+

Top non-repeatable levels by time:
 Snake:4: 3150 daAuts
  Lair:6: 2347 daAuts
Depths:3: 2324 daAuts
Depths:2: 1974 daAuts
 Snake:3: 1881 daAuts
  Lair:4: 1868 daAuts
    D:11: 1778 daAuts
     D:6: 1639 daAuts
 Snake:1: 1605 daAuts
    D:12: 1565 daAuts
Depths:1: 1545 daAuts
  Lair:1: 1498 daAuts
Depths:4: 1495 daAuts
    D:13: 1426 daAuts
     D:7: 1418 daAuts
